AoeStats
← Comend x comend

Arena

508960880Analyzed
4v4 RM · 6d ago on Sep 24, 2026· 45m 51s· 8 players
Game mode
Random Map
Map size
Large (8 player)
Population
200
Speed
Normal
Resources
Standard
Victory
Conquest
Starting age
Dark Age
Ending age
Imperial Age
RankedLock teamsTeams togetherTeam positionsShared explorationLock speedFull tech treeHidden civsTurbo modeCheats
Victory
Defeat
🇦🇷 Poles · Argentina
1376
+12
🇵🇪 Turks · Peru
1324
+14
🇦🇷 Danes · Argentina
1321
+14
🇹🇷 Franks · Türkiye
1320
+14
🇺🇸 Danes · United States
1366
-17
🇨🇦 Romans · Canada
1362
-17
🇨🇴 Danes · Colombia
1214
-11
🇨🇱 Burgundians · Chile
1169
-9
Tapa de Nalga 13
10:33 Feudal Age
15:08 Castle Age
13:20 Double-Bit Axe
13:38 Loom
14:50 Horse Collar
20:51 Loom
31:04 Fletching
31:14 Padded Archer Armor
31:39 Bow Saw
33:05 Ballistics
35:22 Imperial Age
33:31 Wheelbarrow
33:34 Bodkin Arrow
34:35 Gold Mining
37:21 Bracer
37:11 Cranequins
39:13 Gold Shaft Mining
39:24 Leather Archer Armor
39:30 Bloodlines
39:01 Capped Ram
43:11 Hand Cart
42:27 Siege Ram
44:00 Ring Archer Armor
45:44 Chemistry
45:06 Husbandry
45:40 Town Watch
DON BIGOTE
2:39 Loom
11:05 Feudal Age
15:27 Castle Age
13:48 Horse Collar
14:45 Double-Bit Axe
16:21 Gold Mining
17:02 Heavy Plow
17:27 Loom
19:34 Scale Mail Armor
20:44 Bow Saw
23:19 Chain Mail Armor
24:11 Forging
25:33 Wheelbarrow
24:43 Town Watch
28:34 Hand Cart
31:22 Imperial Age
29:01 Stone Mining
30:13 Iron Casting
29:56 Treadmill Crane
30:28 Squires
30:13 Arson
30:27 Pikeman
31:26 Elite Obuch
32:26 Conscription
32:42 Plate Mail Armor
32:46 Town Watch
33:48 Bloodlines
34:44 Blast Furnace
34:40 Lechitic Legacy
33:44 Light Cavalry
34:24 Husbandry
35:24 Scale Barding Armor
34:53 Winged Hussar
37:30 Chain Barding Armor
38:47 Crop Rotation
40:58 Fletching
42:10 Chemistry
Comend x comend
11:28 Feudal Age
15:43 Castle Age
20:37 Imperial Age
22:51 Loom
34:37 Horse Collar
40:10 Gold Mining
hirax34
10:20 Feudal Age
14:23 Castle Age
13:02 Double-Bit Axe
15:31 Bow Saw
19:05 Loom
23:12 Scale Barding Armor
24:21 Wheelbarrow
24:31 Forging
24:35 Husbandry
26:11 Gold Mining
31:38 Imperial Age
30:16 Chain Barding Armor
30:20 Hand Cart
30:42 Devotion
31:22 Iron Casting
31:51 Cavalier
33:21 Conscription
34:37 Gold Shaft Mining
33:27 Paladin
35:32 Plate Barding Armor
35:58 Blast Furnace
34:55 Town Watch
LRNI_Bélico
10:54 Feudal Age
14:50 Castle Age
13:11 Loom
13:29 Double-Bit Axe
22:31 Redemption
31:01 Imperial Age
28:18 Horse Collar
29:13 Gold Mining
32:01 Block Printing
31:59 Fervor
36:18 Ballistics
40:38 Wheelbarrow
LRNI MarinM
10:50 Feudal Age
14:28 Castle Age
12:45 Double-Bit Axe
13:04 Horse Collar
18:38 Bow Saw
21:06 Wheelbarrow
21:27 Heavy Plow
22:55 Hand Cart
23:18 Forging
23:46 Scale Mail Armor
23:44 Town Watch
23:44 Loom
24:05 Gold Mining
24:26 Squires
24:11 Gambesons
25:53 Iron Casting
26:04 Gold Shaft Mining
25:23 Arson
25:45 Man-at-Arms
28:51 Chain Mail Armor
31:52 Imperial Age
29:48 Long Swordsman
30:50 Town Patrol
31:13 Ballistics
31:37 Fletching
31:47 Padded Archer Armor
32:02 Masonry
31:48 Murder Holes
31:49 Stone Mining
32:44 Bodkin Arrow
32:30 Elite Varangian Guard
32:31 Two-Handed Swordsman
32:44 Capped Ram
33:22 Champion
34:06 Onager
37:04 Stone Shaft Mining
37:31 Chemistry
39:30 Blast Furnace
39:09 Plate Mail Armor
40:41 Leather Archer Armor
40:35 Bracer
41:31 Conscription
41:28 Leather Archer Armor
42:30 Siege Engineers
42:38 Thumb Ring
43:09 Heavy Mounted Crossbowman
43:52 Cranequins
LRNI | Moises
3:13 Double-Bit Axe
11:08 Feudal Age
9:29 Horse Collar
16:01 Castle Age
14:42 Bow Saw
14:58 Gold Mining
17:12 Heavy Plow
18:16 Gold Shaft Mining
24:14 Scale Barding Armor
24:18 Husbandry
28:47 Forging
30:58 Iron Casting
30:56 Cavalier
32:12 Chain Barding Armor
34:24 Wheelbarrow
34:19 Town Watch
35:36 Coinage
39:06 Imperial Age
37:20 Pikeman
39:01 Scale Mail Armor
40:29 Two-Man Saw
39:26 Halberdier
LRNI_Thegar
9:11 Feudal Age
10:08 Loom
14:07 Castle Age
25:36 Double-Bit Axe
29:18 Imperial Age
27:18 Bow Saw
27:05 Gold Mining
29:44 Wheelbarrow
29:43 Horse Collar
30:18 Town Watch
31:11 Stone Mining
35:18 Hand Cart
37:59 Conscription
37:02 Hamask
39:38 Forging
39:19 Fletching
39:31 Scale Mail Armor
42:03 Chain Mail Armor
42:24 Iron Casting
Connection lost

Rejoining the realm…

Still unreachable

The connection could not be restored.

Session expired

The server has moved on; the page needs a fresh start.